 Dungeon Sprint DCSS version 0.29-a0-337-g68df138881 (webtiles) character file.

Game seed: 3173422977540341488

60 mhtbhm the Covered (level 3, -5/37 HPs)
             Began as a Minotaur Fighter on Apr 16, 2022.
             Slain by a water elemental (11 damage)
             ... in the Dungeon (Sprint III: "The Ten Rune Challenge").
             The game lasted 00:00:58 (700 turns).

mhtbhm the Covered (Minotaur Fighter)                Turns: 700, Time: 00:00:58

Health: -5/37      AC:  7    Str: 24    XL:     3   Next: 82%
Magic:  2/2        EV:  9    Int:  5    God:
Gold:   16         SH:  5    Dex:  9    Spells: 2/2 levels left

rFire   . . .      SeeInvis .   a - +0 war axe
rCold   . . .      Faith    .   c - +0 buckler
rNeg    . . .      Spirit   .   b - +0 scale mail
rPois   .          Reflect  .   (helmet unavailable)
rElec   .          Harm     .   (no cloak)
rCorr   .          Rampage  .   (no gloves)
Will    .....      NoTele   +   (no boots)
Stlth   ..........              (no amulet)
HPRegen 0.12/turn               (no ring)
MPRegen 0.08/turn               (no ring)

@: no status effects
A: horns 3, retaliatory headbutt, strong 1, subdued magic 1
a: no special abilities


You were in the Dungeon.
You visited 1 branch You collected 16 gold pieces.

Inventory:

Hand Weapons
 a - a +0 war axe (weapon)
Armour
 b - a +0 scale mail (worn)
 c - a +0 buckler (worn)
Scrolls
 j - a scroll of blinking
 k - 2 scrolls of identify {unknown}
 l - 2 scrolls of holy word {unknown}
 m - a scroll of enchant armour {unknown}
Potions
 d - a potion of might
 e - a potion of curing
 f - a potion of heal wounds
 g - a potion of haste
 h - 2 potions of magic
 i - a potion of berserk rage
 n - 2 potions of flight {unknown}
 o - a potion of mutation


   Skills:
 + Level 5.8 Fighting
 + Level 4.2 Axes
 + Level 6.1 Armour
 + Level 0.3 Dodging
 + Level 5.9 Shields


You had 2 spell levels left.
You didn't know any spells.
Your spell library was empty.

Dungeon Overview and Level Annotations

Branches:
Dungeon (1/1)

Altars:


Innate Abilities, Weirdness & Mutations

You have a pair of large horns on your head.
You reflexively headbutt those who attack you in melee.
Your muscles are strong. (Str +2)
Your spells are a little easier to cast, but a little less powerful.


Message History

You feel clumsy.
Your magical essence no longer links to wands of the dungeon.
Your connection to magic feels subdued.
The horns on your head grow some more.
You feel stronger.
You open the door.
A water elemental comes into view.
Unknown command.
You hit the water elemental.
Your headbutt misses the water elemental.
The water elemental is moderately damaged.
You block the water elemental's attack.
You hit the water elemental.
The water elemental is moderately damaged.
The water elemental hits you! The water elemental closely misses you.
You furiously retaliate!
You headbutt the water elemental!
Unknown command.
You barely miss the water elemental.
The water elemental is severely damaged.
The water elemental hits you!
The water elemental engulfs you in water!
Unknown command.
You slip free of the water engulfing you.
You gasp with relief as air once again reaches your lungs.
You hit the water elemental.
You headbutt the water elemental, but do no damage.
The water elemental is almost destroyed.
The water elemental closely misses you.
You closely miss the water elemental.
Your headbutt misses the water elemental.
The water elemental is almost destroyed.
The water elemental hits you!
* * * LOW HITPOINT WARNING * * *
The water elemental engulfs you in water!
The water elemental barely misses you.
You slip free of the water engulfing you.
You gasp with relief as air once again reaches your lungs.
You barely miss the water elemental.
The water elemental is severely damaged.
The water elemental hits you!
You die...

▓▓▓▓▓▓▓▓▓▓▓▓ ▓▓▓
▓<.#..'....♣♣ ♣.#
▓..#..#.....♣ ♣.#
▓#'####....♣♣♣ ♣♣.#
▓.....#....≈.♣♣♣..# #+#+#
▓.....#...≈≈♣♣....#......
▓....(#÷.≈≈≈≈♣.♣..'.⌠....
▓####'#..≈≈≈≈≈≈@E.#...###
▓...).#.≈≈≈≈≈≈....# ⌠.#
▓.....#.≈≈≈≈≈.....# .#
▓.....#.≈≈≈.......# #
▓'#####...........#
▓.................#
▓▓▓▓▓▓▓▓▓▓▓▓▓▓▓▓▓▓▓


You could see a water elemental.

Vanquished Creatures
  Jessica (D)
  A human (D)
  A wolf (D)
  An endoplasm (D)
  2 rats (D)
6 creatures vanquished.

Notes
Turn   | Place    | Note
-------+----------+-------------------------------------------
     0 | D        | mhtbhm the Minotaur Fighter began the quest for the Orb.
     0 | D        | Reached XP level 1. HP: 19/19 MP: 0/0
     5 | D        | Reached skill level 4 in Armour
    58 | D        | Noticed Jessica
    65 | D        | HP: 1/20 [Jessica/+2 dagger of protection (3)]
    66 | D        | Killed Jessica
    67 | D        | Reached skill level 5 in Fighting
    67 | D        | Reached skill level 5 in Armour
    67 | D        | Reached skill level 5 in Shields
    67 | D        | Reached XP level 2. HP: 1/29 MP: 1/1
    67 | D        | Reached XP level 3. HP: 2/36 MP: 2/2
   519 | D        | Reached skill level 6 in Armour
   550 | D        | Gained mutation: Your body sometimes deteriorates upon
                  | taking damage. [potion of mutation]
   552 | D        | Lost mutation: Your body sometimes deteriorates upon taking
                  | damage. [potion of mutation]
   552 | D        | Gained mutation: Potions are less effective at restoring
                  | your health. [potion of mutation]
   552 | D        | Gained mutation: You expend magic power (3 MP) to
                  | strengthen your wands. [potion of mutation]
   553 | D        | Lost mutation: Potions are less effective at restoring your
                  | health. [potion of mutation]
   553 | D        | Lost mutation: You expend magic power (3 MP) to strengthen
                  | your wands. [potion of mutation]
   553 | D        | Gained mutation: You occasionally shout uncontrollably at
                  | your foes. [potion of mutation]
   553 | D        | Gained mutation: You have sharp fingernails. [potion of
                  | mutation]
   667 | D        | Lost mutation: You occasionally shout uncontrollably at
                  | your foes. [potion of mutation]
   667 | D        | Lost mutation: You have sharp fingernails. [potion of
                  | mutation]
   667 | D        | Gained mutation: You are agile. (Dex +2) [potion of
                  | mutation]
   667 | D        | Gained mutation: You expend magic power (3 MP) to
                  | strengthen your wands. [potion of mutation]
   690 | D        | Lost mutation: You are agile. (Dex +2) [potion of mutation]
   690 | D        | Lost mutation: You expend magic power (3 MP) to strengthen
                  | your wands. [potion of mutation]
   690 | D        | Gained mutation: Your spells are a little easier to cast,
                  | but a little less powerful. [potion of mutation]
   690 | D        | Gained mutation: You have a pair of large horns on your
                  | head. [potion of mutation]
   690 | D        | Gained mutation: Your muscles are strong. (Str +2) [potion
                  | of mutation]
   691 | D        | Noticed a water elemental
   700 | D        | Slain by a water elemental

Illustrated notes

Levels and vault maps discovered:
D:        dungeon_sprint_mu [sprint_mu_entry_forest, sprint_mu_temple_rooms,
          sprint_mu_d1_horrors, sprint_mu_d2_genie, sprint_mu_d3_branching,
          sprint_mu_orc_legion, sprint_mu_elf_gauntlet, sprint_mu_hive_nellie,
          sprint_mu_lair_fedhas, sprint_mu_vaults_butterflies,
          sprint_mu_slime_circle, sprint_mu_shoals_kraken,
          sprint_mu_snake_twists, sprint_mu_blade_basic,
          sprint_mu_crypt_fortress, sprint_mu_tomb_spiral,
          sprint_mu_vestibule_basic, sprint_mu_gehenna_hellfire,
          sprint_mu_dis_giant, sprint_mu_tartarus_statrot,
          sprint_mu_cocytus_islands, sprint_mu_zot1]

Skill      XL: |  1  2  3 |
---------------+----------+-----
Fighting       | 5 |  5.8
Armour         | 5 6 |  6.1
Shields        | 5 |  5.9
Axes           | 3 4 |  4.2
Dodging        | |  0.3

Action                   || total
-------------------------++-------
Melee: War axe           ||    25
       Headbutt          ||     5
  Use: Potion            ||     5
Armor: Scale mail        ||     4
Dodge: Dodged            ||     9
Block: Buckler           ||     3

Table legend: (Time is in decaauts)
 A = Elapsed time spent in this place.
 B = Non-inter-level travel time spent in this place.
 C = Inter-level travel time spent in this place.
 D = Time resting spent in this place.
 E = Time spent auto-exploring this place.
 F = Levels seen in this place.
 G = Mean time per level.
                   A        B        C        D        E       F      G
               +--------+--------+--------+--------+--------+-----+--------+
         Total |    714 |    714 |      0 |    572 |      1 |   1 |  714.0 |
       Dungeon |    714 |    714 |      0 |    572 |      1 |   1 |  714.0 |
               +--------+--------+--------+--------+--------+-----+--------+

Top non-repeatable levels by time:
       D: 714 daAuts
